Map: Cyber Forest LE

Players

Woah - Winner!

  • Race: Terran Terran
  • League: Diamond
  • Spawn Location: 11:00

XenoDactyl

  • Race: Protoss Protoss
  • League: Diamond
  • Spawn Location: 5:00

VOD

Have the link to the VOD?

Description

Time

  • Played on: June 14, 2019, 11:03 p.m.
  • Length: 11:22
Show
View Real Time Build Order
Export as new Build Order

Woah Terran - Winner!

Build Orders: Reaper Expand 

Get SALT Encoding   

  12  0:01  SCV  
  13  0:14  SCV  
  14  0:18  Supply Depot  
  14  0:26  SCV  
  15  0:39  SCV  
  15  0:41  Barracks  
  16  0:45  Refinery  
  16  0:52  SCV  
  17  1:04  SCV  
  18  1:16  SCV  
  19  1:28  Orbital Command  
  19  1:29  Reaper  
  20  1:43  Command Center  
  20  1:53  Supply Depot  
  20  1:55  SCV  
  21  2:05  Refinery  
  21  2:06  Barracks Reactor  
  21  2:07  SCV  
  22  2:19  SCV  
  23  2:24  Factory  
  23  2:31  SCV  
  24  2:42  Bunker  
  24  2:43  SCV, Marine x2  
  27  2:55  SCV  
  28  3:02  Marine x2  
  30  3:07  SCV  
  30  3:09  Orbital Command  
  31  3:16  Widow Mine  
  31  3:17  Starport  
  34  3:20  SCV  
  34  3:27  Marine x2  
  34  3:32  SCV  
  37  3:35  Supply Depot  
  37  3:37  Widow Mine  
  39  3:44  SCV  
  41  3:48  SCV  
  41  3:52  Supply Depot  
  41  3:54  Medivac  
  43  3:58  Barracks  
  43  4:12  Marine x2  
  43  4:13  Factory Tech Lab  
  43  4:14  SCV  
  43  4:15  SCV  
  47  4:19  Engineering Bay  
  47  4:22  Barracks  
  47  4:26  SCV  
  48  4:37  Marine x2  
  50  4:46  SCV x2  
  50  4:48  Refinery  
  50  4:52  Raven  
  53  4:58  SCV, Barracks Tech Lab  
  53  4:59  Marine x2  
  56  5:01  Terran Infantry Weapons Level 1, Factory Tech Lab  
  56  5:03  Supply Depot  
  56  5:13  SCV x2  
  58  5:17  Refinery, Marine  
  58  5:19  Stimpack, Barracks Tech Lab  
  58  5:20  Marauder  
  61  5:25  SCV  
  62  5:40  SCV  
  62  5:41  SCV  
  60  5:52  SCV  
  61  5:58  SCV, Command Center, Barracks  
  61  5:59  Medivac x2  
  61  6:00  Combat Shield  
  61  6:02  Marauder x2  
  70  6:09  Supply Depot x2  
  70  6:17  Supply Depot  
  70  6:19  Concussive Shells  
  70  6:31  SCV x2, Siege Tank, Marauder  
  77  6:33  Liberator x2  
  77  6:43  SCV x2, Supply Depot  
  77  6:44  Marauder x2  
  83  6:48  Barracks Reactor  
  83  6:51  Barracks  
  83  6:52  Marine  
  90  6:55  SCV  
  90  7:00  SCV  
  92  7:05  Marine  
  92  7:06  Marauder, Terran Infantry Armor Level 1  
  92  7:07  SCV  
  96  7:10  Marauder  
  96  7:12  SCV  
  99  7:20  Orbital Command  
  99  7:23  Marauder  
  99  7:24  Siege Tank  
  99  7:27  Marauder  
  106  7:32  Marauder  
  108  7:44  Marine  
  108  7:48  Marine  
  107  7:52  Marine  
  107  7:55  Marine x2  
  107  7:56  Marine  
  107  8:02  Marauder  
  106  8:06  Marauder  
  106  8:09  Orbital Command  
  106  8:11  Marauder  
  102  8:13  Marine x3  
  102  8:16  Liberator  
  98  8:21  SCV x2  
  98  8:23  Armory  
  98  8:24  Marauder  
  102  8:27  Marine  
  102  8:30  Engineering Bay, Barracks  
  102  8:31  Barracks, Marine x3  
  102  8:32  Marauder  
  109  8:45  Marauder x2  
  90  8:57  Marauder, Reaper, Marine x2  
  95  9:06  SCV  
  95  9:07  Marauder x2, SCV  
  95  9:08  SCV  
  105  9:14  Marine x2  
  107  9:18  Marauder  
  107  9:20  Barracks Reactor x2  
  109  9:27  Marine  
  109  9:28  Marauder  
  109  9:29  Marine  
  110  9:32  Marine x2  
  112  9:39  Marauder  
  112  9:45  Marine  
  112  9:47  Marine  
  112  9:49  Marauder  
  112  9:50  Marine x2  
  112  9:52  Liberator  
  106  10:00  Marine x3  
  106  10:01  Marauder, Marine  
  106  10:03  Marine  
  106  10:05  Marine  
  111  10:08  Marine x2  
  116  10:18  Marine  
  116  10:19  Marine  
  116  10:20  Marine  
  117  10:22  Marine  
  117  10:25  Marauder  
  117  10:26  Marauder  
  117  10:28  Marauder  
  117  10:30  Marine  
  117  10:31  Marine x2  
  116  10:35  Marine  
  116  10:40  Marine  
  116  10:41  Marine  
  117  10:43  Marine  
  117  10:47  Marauder  
  117  10:49  Marauder  
  117  10:50  Marine x2  
  117  10:51  Marine  
  117  10:53  Marauder, Marine  
  117  11:02  Marine  
Show
View Real Time Build Order
Export as new Build Order

XenoDactyl Protoss 

Build Orders: 1 Gate Expand, Blink Stalkers 

Get SALT Encoding   

  12  0:01  Probe  
  13  0:14  Probe  
  14  0:21  Pylon  
  14  0:26  Probe  
  15  0:39  Probe  
  15  0:40  Gateway  
  16  0:49  Probe  
  16  0:53  Assimilator  
  17  0:57  Probe  
  18  1:08  Probe  
  19  1:20  Probe  
  20  1:30  Cybernetics Core  
  20  1:40  Nexus  
  20  1:47  Probe  
  20  1:50  Pylon  
  21  1:55  Assimilator  
  21  1:58  Adept  
  21  2:01  Probe  
  24  2:09  Warp Gate  
  24  2:17  Probe  
  25  2:27  Robotics Facility  
  24  2:45  Probe  
  25  2:52  Probe  
  25  2:57  Probe  
  27  3:04  Probe, Adept  
  30  3:10  Twilight Council  
  30  3:20  Probe  
  30  3:21  Probe  
  30  3:26  Observer  
  33  3:32  Probe  
  33  3:33  Probe, Gateway  
  35  3:35  Gateway  
  35  3:51  Probe x2  
  35  3:55  Blink  
  37  4:03  Probe x2  
  39  4:24  Probe x2  
  39  4:29  Stalker  
  39  4:30  Stalker  
  45  4:32  Assimilator  
  45  4:35  Nexus  
  45  4:37  Pylon  
  45  4:38  Pylon  
  45  4:45  Pylon  
  45  4:48  Pylon  
  45  5:10  Gateway x2  
  45  5:12  Probe  
  45  5:13  Probe  
  47  5:21  Gateway  
  47  5:24  Probe  
  47  5:25  Probe  
  49  5:30  Stalker  
  49  5:31  Stalker  
  49  5:45  Charge  
  49  5:56  Probe x2  
  51  5:58  Immortal  
  51  5:59  Probe  
  52  6:08  Probe  
  52  6:09  Gateway  
  57  6:11  Gateway  
  57  6:17  Probe x2  
  57  6:18  Probe  
  57  6:25  Probe x2  
  60  6:26  Probe  
  63  6:33  Probe x2  
  63  6:34  Probe  
  63  6:35  Pylon  
  63  6:36  Stalker, Warp Prism  
  70  6:41  Pylon  
  70  6:43  Stalker x2  
  74  6:54  Stalker  
  74  6:55  Stalker  
  78  7:05  Stalker, Zealot x2  
  78  7:06  Zealot  
  78  7:07  Zealot  
  88  7:17  Pylon  
  88  7:26  Shield Battery  
  88  7:32  Shield Battery  
  88  7:34  Shield Battery  
  88  7:40  Zealot x2  
  88  7:41  Zealot  
  88  7:42  Zealot x4  
  88  7:43  Zealot  
  104  7:46  Pylon  
  97  8:20  Nexus  
  97  8:21  Zealot x2  
  101  8:27  Pylon  
  101  8:30  Pylon  
  101  8:40  Pylon  
  71  9:01  Zealot x4  
  71  9:02  Zealot x4  
  75  9:12  Warp Prism  
  77  9:24  Zealot x6  
  77  9:25  Zealot x2  
  86  9:46  Stalker x2  
  70  9:54  Zealot x6  
  64  10:10  Stalker x2  
  66  10:15  Zealot x6  
  76  10:26  Immortal  
  70  10:34  Stalker x2  
  60  10:35  Zealot x3  
  64  10:44  Zealot x3  
  64  10:56  Zealot x3  
  54  11:05  Stalker  
  54  11:06  Zealot  
Tags
 
Add a new tag
Caveats
  • Supply blocks, unpowered buildings, or Contaminate may cause inaccurate times.
  • Supply counts are checked every 10 seconds.